 Dungeon Crawl Stone Soup version 0.29-a0-360-g8ed1089bbe (webtiles) character file.

Game seed: 11391869559254148378

1244 Zeldest the Insei (level 8, -15/58 HPs)
             Began as an Octopode Monk on Apr 28, 2022.
             Killed from afar by a steam dragon (21 damage)
             ... with a ball of steam
             ... on level 6 of the Dungeon.
             The game lasted 00:07:42 (6997 turns).

Zeldest the Insei (Octopode Monk)                   Turns: 6997, Time: 00:07:42

Health: -15/58     AC:  1    Str: 11    XL:     8   Next: 50%
Magic:  8/8        EV: 16    Int: 18    God:
Gold:   333        SH:  0    Dex: 16    Spells: 7/7 levels left

rFire   . . .      SeeInvis .     - Unarmed
rCold   . . .      Faith    .   (no shield)
rNeg    . . .      Spirit   .   (helmet restricted)
rPois   .          Reflect  .   (no amulet)
rElec   .          Harm     .   n - +6 ring of intelligence
rCorr   .          Rampage  .   l - ring of flight
Will    .....                   (no ring)
Stlth   +++.......              (no ring)
HPRegen 0.19/turn               (no ring)
MPRegen 0.11/turn               (no ring)
                                (no ring)
                                (no ring)

@: flying
A: almost no armour, amphibious, 8 rings, camouflage 1, gelatinous body 1,
(nimble swimmer 1), tentacles
a: no special abilities


You were on level 6 of the Dungeon.
You visited 1 branch of the dungeon, and saw 6 of its levels.

You collected 333 gold pieces.

Inventory:

Missiles
 m - a throwing net (quivered)
Jewellery
 l - a ring of flight (right tentacle)
 n - a +6 ring of intelligence (left tentacle)
Scrolls
 b - a scroll of fog
 c - 3 scrolls of silence
 d - a scroll of teleportation
 e - a scroll of magic mapping {unknown}
 g - 2 scrolls of amnesia {unknown}
 h - a scroll of immolation {unknown}
 j - 2 scrolls of blinking
 o - a scroll of holy word {unknown}
Potions
 a - a potion of ambrosia
 f - 2 potions of curing
 i - a potion of flight {unknown}
 k - a potion of lignification
 p - 2 potions of attraction {unknown}


   Skills:
 + Level 6.5 Fighting
 + Level 6.4 Dodging
 - Level 2.6 Stealth
 + Level 6.5 Unarmed Combat


You had 7 spell levels left.
You didn't know any spells.
Your spell library contained the following spells:

 Spells                   Type           Power      Damage    Failure   Level
 Animate Skeleton         Necr           0%         N/A       22%         1
 Apportation              Tloc           0%         N/A       22%         1
 Pain                     Necr           0%         1d4       22%         1
 Slow                     Hex            0%         N/A       22%         1
 Summon Small Mammal      Summ           0%         N/A       22%         1
 Confusing Touch          Hex            0%         N/A       54%         3
 Dazzling Flash           Conj/Hex       0%         N/A       54%         3
 Ozocubu's Armour         Ice            0%         N/A       54%         3
 Vampiric Draining        Necr           0%         2d6       54%         3
 Fulminant Prism          Conj/Hex       0%         3d6       91%         4
 Iskenderun's Mystic Bla  Conj/Tloc      0%         2d3       91%         4
 Lee's Rapid Deconstruct  Erth           0%         3d5*      99%         5
 Metabolic Englaciation   Hex/Ice        0%         N/A       99%         5
 Simulacrum               Ice/Necr       0%         N/A       100%        6
 Starburst                Conj/Fire      0%         6d3       100%        6


Dungeon Overview and Level Annotations

Branches:
Dungeon (6/15)
 Temple: D:4-7

Altars:
Fedhas
Makhleb
Trog
Uskayaw
Xom

Annotations:
D:4 rabbitsville's ghost, amateur BaBe


Innate Abilities, Weirdness & Mutations

You cannot wear most types of armour.
You are amphibious.
You can wear up to eight rings at the same time.
Your skin changes colour to match your surroundings (Stealth+).
Your rubbery body absorbs attacks. (AC +1, EV +1)
((You are camouflaged when in or above water. (Stealth+)))
You have tentacles for arms and can constrict up to eight enemies at once.


Message History

You tentacle-slap the steam dragon but do no damage.
Your tentacle-slap misses the steam dragon.
Your squeeze misses the steam dragon. You completely miss the steam dragon.
You squeeze the steam dragon.
The steam dragon is lightly wounded.
The steam dragon breathes steam at you. The ball of steam hits you!
The steam dragon barely misses you. The steam dragon closely misses you.
You closely miss the steam dragon. You squeeze the steam dragon.
The steam dragon is moderately wounded.
The shadow imp gestures at you. Pain shoots through your body!
The steam dragon misses you. The steam dragon completely misses you.
The shadow imp lashes its tail.
The shadow imp hits you. The steam dragon barely misses you.
The steam dragon closely misses you.
You tentacle-slap the steam dragon.
The steam dragon is heavily wounded.
The steam dragon bites you.
* * * LOW HITPOINT WARNING * * *
The steam dragon completely misses you.
The shadow imp is engulfed in a cloud of scalding steam.
The shadow imp hits you.
* * * LOW HITPOINT WARNING * * *
You closely miss the steam dragon.
The steam dragon is heavily wounded.
You are engulfed in a cloud of scalding steam.
* * * LOW HITPOINT WARNING * * *
The steam dragon misses you. x2; The shadow imp misses you.
You feel better. The steam dragon bites you.
* * * LOW HITPOINT WARNING * * *
The steam dragon claws you but does no damage.
The shadow imp gestures at you. Pain shoots through your body!
* * * LOW HITPOINT WARNING * * *
You tentacle-slap the steam dragon.
The steam dragon is heavily wounded.
The steam dragon breathes steam at you. The ball of steam hits you!!
You die...

... # ###........
..#..#... ###........
.......## #.#..#.....
#..#....#####..........
#..###.###.............
. ##
#..##.......###.###....
..##.###.#........#§..#
....
.....................##
....
...........D@..>.§.§##
....
........>#.5........# ..
#.......####......§.§#
.D......####.#..####....
.....5.##<#..#### ###.
#.D... #....#.###### .
###.... #.#.........#
#....^. #............
#......##....††....##


You could see a steam dragon (catching breath) and a shadow imp.

Vanquished Creatures
  A wyvern (D:4)
  A steam dragon (D:6)
  A black bear (D:4)
  2 ogres
  A necrophage (D:5)
  2 scorpions
  A howler monkey (D:5)
  A bullfrog zombie (D:4)
  2 jellies (D:2)
  A hound (D:6)
  A bullfrog skeleton (D:4)
  An orc priest (D:5)
  2 iguanas
  3 orc wizards (D:4)
  A killer bee zombie (D:4)
  8 adders
  A worm (D:2)
  4 dart slugs
  10 orcs
  4 bats
  19 endoplasms
  5 giant cockroaches
  9 goblins
  7 hobgoblins
  4 jackals (D:1)
  14 kobolds
  A quokka (D:1)
  4 ball pythons (D:2)
  4 frilled lizards
  2 rats
117 creatures vanquished.

Vanquished Creatures (others)
  7 fungi (D:2)
  12 plants (D:4)
  6 toadstools (D:2)
25 creatures vanquished.

Grand Total: 142 creatures vanquished

Notes
Turn   | Place    | Note
-------+----------+-------------------------------------------
     0 | D:1      | Zeldest the Octopode Monk began the quest for the Orb.
     0 | D:1      | Reached XP level 1. HP: 16/16 MP: 1/1
   253 | D:1      | Reached XP level 2. HP: 21/21 MP: 2/2
  1248 | D:2      | Reached XP level 3. HP: 26/26 MP: 3/3
  1613 | D:2      | Reached XP level 4. HP: 15/33 MP: 4/4
  1844 | D:2      | Reached XP level 5. HP: 19/37 MP: 5/5
  2713 | D:3      | Found a blossoming altar of Fedhas.
  3962 | D:4      | Reached XP level 6. HP: 34/44 MP: 6/6
  4277 | D:4      | Noticed a wyvern
  4286 | D:4      | Killed a wyvern
  4287 | D:4      | Reached skill level 5 in Fighting
  4287 | D:4      | Reached skill level 5 in Dodging
  4287 | D:4      | Reached skill level 5 in Unarmed Combat
  4287 | D:4      | Reached XP level 7. HP: 29/50 MP: 7/7
  4560 | D:4      | Found a transporter.
  4562 | D:4      | Noticed rabbitsville's ghost (amateur BaBe)
  4788 | D:4      | Found a transporter.
  5149 | D:5      | Entered Level 5 of the Dungeon
  5912 | D:5      | Reached XP level 8. HP: 54/57 MP: 8/8
  6159 | D:5      | Found a hide-covered altar of Uskayaw.
  6159 | D:5      | Found a shimmering altar of Xom.
  6166 | D:5      | Found a bloodstained altar of Trog.
  6168 | D:5      | Found a burning altar of Makhleb.
  6169 | D:5      | Found a faded altar of an unknown god.
  6997 | D:6      | Killed from afar by a steam dragon

Illustrated notes

Levels and vault maps discovered:
D:1:      sevenhm_arrival_forest_fort_large_2, layout_basic
D:2:      cheibrodos_fertilizer, layout_basic, minmay_heptomino_d4
D:3:      layout_basic, fedhas_ov_isle_minmay
D:4:      layout_basic, gammafunk_ghost_mausoleum, serial_bayou_lake_a
D:5:      layout_loops_ring, chequers_temple_overflow_minitemple
D:6:      layout_cave_pools, mainiacjoe_overflow_six_doors_small

Skill      XL: |  1  2  3  4  5  6  7  8 |
---------------+-------------------------+-----
Fighting       | 4 5 6 |  6.5
Dodging        | 4 5 6 |  6.4
Unarmed Combat | 4 5 6 |  6.5
Stealth        | |  2.6

Action                   |  1- 3 |  4- 6 |  7- 9 || total
-------------------------+-------+-------+-------++-------
Melee: Unarmed           |    68 |   111 |   119 ||   298
       Tentacles         |    17 |    27 |    32 ||    76
       Constrict         |    22 |    17 |    21 ||    60
       Punch             |     3 |     5 |     7 ||    15
  Use: Scroll            |     1 |     1 |     5 ||     7
       Potion            |       |     5 |     3 ||     8
 Stab: Sleeping          |    13 |    12 |     7 ||    32
       Distracted        |       |     1 |       ||     1
Armor: Skin              |     2 |     7 |     7 ||    16
Dodge: Dodged            |    52 |    40 |    74 ||   166

Table legend: (Time is in decaauts)
 A = Elapsed time spent in this place.
 B = Non-inter-level travel time spent in this place.
 C = Inter-level travel time spent in this place.
 D = Time resting spent in this place.
 E = Time spent auto-exploring this place.
 F = Levels seen in this place.
 G = Mean time per level.
                   A        B        C        D        E       F      G
               +--------+--------+--------+--------+--------+-----+--------+
         Total |   6976 |   6677 |    299 |   2436 |   3202 |   6 | 1162.7 |
       Dungeon |   6976 |   6677 |    299 |   2436 |   3202 |   6 | 1162.7 |
               +--------+--------+--------+--------+--------+-----+--------+

Top non-repeatable levels by time:
     D:4: 1916 daAuts
     D:1: 1202 daAuts
     D:2: 1201 daAuts
     D:3: 1117 daAuts
     D:5: 1099 daAuts
     D:6: 440 daAuts
